 Dungeon Crawl Stone Soup version 0.29-a0-371-g91724d5b39 (webtiles) character file.

Game seed: 10766406128631601232

4 psuckher the Charlatan (level 1, 0/16 HPs)
             Began as a Minotaur Artificer on May 2, 2022.
             Slain by a rat (3 damage)
             ... on level 1 of the Dungeon.
             The game lasted 00:00:11 (51 turns).

psuckher the Charlatan (Minotaur Artificer)           Turns: 51, Time: 00:00:13

Health: 0/16       AC:  3    Str: 16    XL:     1   Next: 50%
Magic:  0/0        EV: 11    Int:  8    God:
Gold:   12         SH:  0    Dex: 10    Spells: 0/0 levels left

rFire   . . .      SeeInvis .   a - +0 club
rCold   . . .      Faith    .   (no shield)
rNeg    . . .      Spirit   .   b - +0 leather armour
rPois   .          Reflect  .   (helmet restricted)
rElec   .          Harm     .   (no cloak)
rCorr   .          Rampage  .   (no gloves)
Will    .....                   (no boots)
Stlth   +.........              (no amulet)
HPRegen 0.05/turn               (no ring)
MPRegen 0.07/turn               (no ring)

@: no status effects
A: horns 2, retaliatory headbutt
a: no special abilities


You were on level 1 of the Dungeon.
You visited 1 branch of the dungeon, and saw 1 of its levels.

You collected 12 gold pieces.

Inventory:

Hand Weapons
 a - a +0 club (weapon)
Armour
 b - a +0 leather armour (worn)
Wands
 c - a wand of flame (15) (quivered)
 d - a wand of charming (15)
 e - a wand of iceblast (9)
Potions
 f - a potion of invisibility {unknown}


   Skills:
 + Level 1.2 Fighting
 + Level 2.6 Armour
 + Level 1.1 Dodging
 + Level 0.7 Stealth
 + Level 2.9 Evocations


You couldn't memorise any spells.
You didn't know any spells.
Your spell library was empty.

Dungeon Overview and Level Annotations

Branches:
Dungeon (1/15)

Altars:


Innate Abilities, Weirdness & Mutations

You have a pair of horns on your head.
You reflexively headbutt those who attack you in melee.


Message History

You barely miss the quokka. You headbutt the quokka.
You kill the quokka!
A rat comes into view.
What are your orders? t - Shout!
Orders for allies: a - Attack new target. r - Retreat! s - Stop attacking. g - Guard the area. f - Follow me.
Anything else - Cancel.
You shout for attention!
You hear a shout!
What are your orders? t - Shout!
Orders for allies: a - Attack new target. r - Retreat! s - Stop attacking. g - Guard the area. f - Follow me.
Anything else - Cancel.
You shout for attention!
What are your orders? t - Shout!
Orders for allies: a - Attack new target. r - Retreat! s - Stop attacking. g - Guard the area. f - Follow me.
Anything else - Cancel.
You shout for attention!
A kobold comes into view. It is wielding a +0 dagger.
A rat comes into view.
Found a hunting sling.
The rat bites you.
A dart slug comes into view.
The rat bites you.
You barely miss the rat. You headbutt the rat.
The rat is severely wounded.
The kobold throws a stone.
The stone barely misses you. The rat bites you.
You closely miss the rat. Your headbutt misses the rat.
The rat is severely wounded.
The rat closely misses you. The dart slug launches a dart at you.
The slug dart hits you.
* * * LOW HITPOINT WARNING * * *
The rat bites you.
You die...

######### #.[.$...#
. #.......# ..
#.......#...
#...........
#.####...........
..w......@.......
#.####...rrK.....
#..†.#........ .
#....#........
##.#.##....#........
#..#.......#).......
#.#####....#........
#.########.#.###.###
#####.##.....).#


You could see a dart slug, a kobold and 2 rats.

Vanquished Creatures
  A ball python (D:1)
  A giant cockroach (D:1)
  A quokka (D:1)
3 creatures vanquished.

Notes
Turn   | Place    | Note
-------+----------+-------------------------------------------
     0 | D:1      | psuckher the Minotaur Artificer began the quest for the
                  | Orb.
     0 | D:1      | Reached XP level 1. HP: 16/16 MP: 0/0
    51 | D:1      | Slain by a rat

Illustrated notes

Levels and vault maps discovered:
D:1:      amcnicky_arrival_blooded_trapdoor, layout_basic,
          shapermc_ecumenical_altar_totnotflames

Action                   || total
-------------------------++-------
Melee: Club              ||    10
       Headbutt          ||     3
Armor: Leather armour    ||     1
Dodge: Dodged            ||    14

Table legend: (Time is in decaauts)
 A = Elapsed time spent in this place.
 B = Non-inter-level travel time spent in this place.
 C = Inter-level travel time spent in this place.
 D = Time resting spent in this place.
 E = Time spent auto-exploring this place.
 F = Levels seen in this place.
 G = Mean time per level.
                   A        B        C        D        E       F      G
               +--------+--------+--------+--------+--------+-----+--------+
         Total |     53 |     53 |      0 |      0 |     19 |   1 |   53.0 |
       Dungeon |     53 |     53 |      0 |      0 |     19 |   1 |   53.0 |
               +--------+--------+--------+--------+--------+-----+--------+

Top non-repeatable levels by time:
     D:1: 53 daAuts
